 Dungeon Crawl Stone Soup version 0.20.1-1-g8b1a95d (webtiles) character file.

454 Golfball the Chopper (level 7, -7/41 HPs)
             Began as a Gargoyle Fighter on Nov 2, 2017.
             Mangled by a wight
             ... wielding a cursed +3 dire flail
              (11 damage)
             ... on level 4 of the Dungeon.
             The game lasted 00:09:43 (2666 turns).

Golfball the Chopper (Gargoyle Fighter)             Turns: 2666, Time: 00:09:43

Health: -7/41      AC: 15    Str: 19 (22) XL:     7   Next: 5%
Magic:  7/7        EV:  5    Int:  5 (8)  God:
Gold:   143        SH:  8    Dex:  7 (9)  Spells: 6/6 levels left

rFire    . . .     SeeInvis .   r - +0 hand axe (freeze)
rCold    . . .     Gourm    .   c - +0 shield
rNeg     + . .     Faith    .   p - +2 chain mail {MR+}
rPois    ∞         Spirit   .   (no helmet)
rElec    +         Reflect  .   (no cloak)
rCorr    .         Harm     .   (no gloves)
MR       +....                  (no boots)
Stlth    ..........             k - amulet of regeneration
Regen    0.6/turn               (no ring)
MPRegen  0.1/turn               (no ring)

@: no status effects
A: negative energy resistance 1, electricity resistance, unbreathing,
petrification resistance, rot immunity, AC +4
a: no special abilities


You were on level 4 of the Dungeon.
You were not hungry.

You visited 1 branch of the dungeon, and saw 4 of its levels.

You collected 143 gold pieces.

Inventory:

Hand Weapons
 a - a +0 war axe
 l - a cursed -1 spear
 r - a +0 hand axe of freezing (weapon)
Armour
 c - a +0 shield (worn)
 e - a +2 scale mail of poison resistance
 p - a +2 chain mail of magic resistance (worn)
Jewellery
 k - an amulet of regeneration (around neck)
Scrolls
 q - 3 scrolls of recharging
 s - a scroll of remove curse
 w - a scroll of immolation
Potions
 b - a potion of flight {unknown}
 d - a potion of degeneration
 h - a potion of resistance
 i - a potion of mutation {unknown}
 j - a potion of lignification {unknown}
 m - a potion of heal wounds {unknown}
 o - a potion of magic
 t - a potion of curing
 u - a potion of ambrosia {unknown}
 v - a potion of haste {unknown}
Comestibles
 f - 5 bread rations
 g - 3 chunks of flesh
 n - a meat ration
 x - a royal jelly


   Skills:
 - Level 3.2 Fighting
 + Level 6.7 Axes
 - Level 3.2 Armour
 - Level 3.2 Shields


You had 6 spell levels left.
You didn't know any spells.

Dungeon Overview and Level Annotations

Branches:
Dungeon (4/15)
 Temple: D:4-7

Altars:
Gozag
Ru
Yredelemnul


Innate Abilities, Weirdness & Mutations

You are resistant to torment.
Your stone body is resilient. (AC +4)
You are immune to poison.
You resist negative energy. (rN+)
You are resistant to electric shocks. (rElec)
You can survive without breathing.
You are immune to petrification.
You are immune to rotting.


Message History

The wight hits you but does no damage.
You hit the wight.
The wight is moderately damaged.
Your shield and chain mail prevent you from hitting the wight.
You closely miss the wight.
The wight hits you with an enchanted dire flail.
* * * LOW HITPOINT WARNING * * *
The wight hits you with an enchanted long sword.
* * * LOW HITPOINT WARNING * * *
The wight hits you but does no damage.
You hit the wight.
The wight is severely damaged.
Your shield and chain mail prevent you from hitting the wight. x2
You block the wight's attack.
You hit the wight.
The wight is almost destroyed.
You hit the wight but do no damage. You closely miss the wight.
You block the wight's attack. The wight hits you but does no damage.
The wight hits you with an enchanted dire flail!
You die...

....(.[...........'.....
######.###########...#.
##.## ##....
#...######## ####.
#...#.§.§.§# #.
+...'...._.# #.
#...#.§.§.§# #.
#z..######## #. ##@## #.
#.....zz....# #.
#........$..... #.
#.............. #.
#.............. #.
#..........#### #.
#..........# ##
#.####......


You could see 3 wights.

Vanquished Creatures
  An ogre (D:4)
  The ghost of IronicMoeBlob the Cutter, an amateur KoBe of Trog (D:3)
  A wight (D:4)
  Terence (D:2)
  An orc wizard (D:3)
  4 gnolls
  6 adders
  3 oozes
  2 worms (D:3)
  4 dart slugs
  2 leopard geckos
  5 orcs (D:3)
  A ball python (D:3)
  9 bats
  4 giant cockroaches
  7 goblins
  5 hobgoblins
  7 jackals (D:2)
  6 kobolds
  2 quokkas
  7 frilled lizards
  5 rats
84 creatures vanquished.

Notes
Turn   | Place    | Note
-------+----------+-------------------------------------------
     0 | D:1      | Golfball the Gargoyle Fighter began the quest for the Orb.
     0 | D:1      | Reached XP level 1. HP: 14/14 MP: 1/1
     7 | D:1      | Noticed an electric eel
    19 | D:1      | Reached skill level 2 in Axes
   149 | D:1      | Reached XP level 2. HP: 17/19 MP: 2/2
   454 | D:1      | Reached skill level 3 in Axes
   454 | D:1      | Reached XP level 3. HP: 17/23 MP: 3/3
   691 | D:2      | Noticed Terence
   705 | D:2      | Killed Terence
   705 | D:2      | Reached XP level 4. HP: 23/28 MP: 4/4
   818 | D:2      | Reached skill level 4 in Axes
   894 | D:2      | Found a sacrificial altar of Ru.
  1478 | D:2      | Reached XP level 5. HP: 32/32 MP: 5/5
  1612 | D:2      | Found an opulent altar of Gozag.
  1869 | D:3      | Reached skill level 5 in Axes
  1982 | D:3      | Noticed IronicMoeBlob's ghost (amateur KoBe)
  1988 | D:3      | Killed IronicMoeBlob's ghost
  1988 | D:3      | Reached XP level 6. HP: 37/37 MP: 6/6
  2252 | D:3      | Reached skill level 6 in Axes
  2633 | D:4      | Found a basalt altar of Yredelemnul.
  2650 | D:4      | Reached XP level 7. HP: 16/41 MP: 7/7
  2666 | D:4      | Mangled by a wight

Skill      XL: |  1  2  3  4  5  6 |
---------------+-------------------+-----
Axes           | 2 3 4 5 6 |  6.7
Fighting       | |  3.2
Armour         | |  3.2
Shields        | |  3.2

Action                   |  1- 3 |  4- 6 |  7- 9 || total
-------------------------+-------+-------+-------++-------
Melee: War axe           |    38 |    36 |       ||    74
       Flail             |       |    91 |       ||    91
       Hand axe          |       |   162 |     9 ||   171
  Use: Scroll            |       |    10 |       ||    10
       Potion            |       |     2 |     4 ||     6
  Eat: Chunk             |       |     6 |       ||     6
Armor: Scale mail        |    14 |    11 |       ||    25
       Chain mail        |       |   219 |     8 ||   227
Dodge: Dodged            |    13 |    79 |     1 ||    93
Block: Shield            |    17 |   202 |    10 ||   229
